PAA
MERCER ISLAND SCREAMING EAGLES @ CRESCENT CITY KREWE
09/27/2041
 
TOP OF THE 1ST
Mercer Island Screaming Eagles batting - Pitching for Crescent City Krewe : RHP Labeeb bin Muneer
Pitching: RHP Labeeb bin Muneer
Batting: RHB Domingo Reyes 0-0: Ground out U3 (Groundball, 34, EV 103.8 MPH)
Batting: RHB Dídac Nores 0-0: Fly out, F8 (Flyball, 8LS, EV 86.2 MPH)
Batting: SHB César Enríques 0-0: Called Strike
0-1: DOUBLE (Line Drive, 5D, EV 110.6 MPH)
Batting: LHB Brian Drake 0-0: Foul Ball, location: 2F
0-1: Ball
1-1: Ball
2-1: Foul Ball, location: 2F
2-2: Ball
3-2: SINGLE (Line Drive, 4D, EV 98.1 MPH)
César Enríques to third
César Enríques scores
Batting: RHB Dima Tabakaev 0-0: Foul Ball, location: 2F
0-1: Foul Ball, location: 2F
0-2: Ball
1-2: Strikes out swinging
Top of the 1st over - 1 run, 2 hits, 0 errors, 1 left on base; Mercer Island 1 - Crescent City 0
BOTTOM OF THE 1ST
Crescent City Krewe batting - Pitching for Mercer Island Screaming Eagles : RHP Dawson Randolph
Pitching: RHP Dawson Randolph
Batting: RHB Arturo Cicerón 0-0: Ball
1-0: Ball
2-0: Foul Ball, location: 2F
2-1: Foul Ball, location: 2F
2-2: Foul Ball, location: 2F
2-2: Ground out 5-3 (Groundball, 56, EV 85.6 MPH)
Batting: LHB José Soriano 0-0: Ground out 4-3 (Groundball, 4M, EV 109.4 MPH)
Batting: RHB Rod Sarkies 0-0: Called Strike
0-1: Ball
1-1: Ball
2-1: Foul Ball, location: 2F
2-2: Foul Ball, location: 2F
2-2: Ball
3-2: Ground out 1-3 (Groundball, 13, EV 86.2 MPH)
Bottom of the 1st over - 0 runs, 0 hits, 0 errors, 0 left on base; Mercer Island 1 - Crescent City 0
TOP OF THE 2ND
Mercer Island Screaming Eagles batting - Pitching for Crescent City Krewe : RHP Labeeb bin Muneer
Batting: RHB Corey Ollerton 0-0: Ball
1-0: Reached on error, E6 (Groundball, 6, EV 105.6 MPH)
Batting: RHB Byron Ballard 0-0: Foul Ball, location: 2F
0-1: Ball
1-1: Ball
2-1: SINGLE (Line Drive, 5D, EV 105.0 MPH)
Corey Ollerton to second
Batting: LHB Kiambu Fentress 0-0: Ball
1-0: SINGLE (Line Drive, 6MD, EV 95.6 MPH)
Corey Ollerton to third
Byron Ballard to second
Batting: RHB Hugues Bellot 0-0: Fielders Choice at 2nd, 6-4 (Groundball, 6, EV 90.6 MPH)
Corey Ollerton scores
Byron Ballard to third
Batting: RHB Domingo Reyes 0-0: Ball
1-0: Fly out, F7 (Flyball, 7LS, EV 80.6 MPH)
Batting: RHB Dídac Nores 0-0: Ball
1-0: Called Strike
1-1: Called Strike
1-2: Strikes out swinging
Top of the 2nd over - 1 run, 2 hits, 1 error, 2 left on base; Mercer Island 2 - Crescent City 0
BOTTOM OF THE 2ND
Crescent City Krewe batting - Pitching for Mercer Island Screaming Eagles : RHP Dawson Randolph
Batting: LHB Dave Summers 0-0: Ball
1-0: Ball
2-0: Ball
3-0: Called Strike
3-1: Base on Balls
Batting: LHB Dustin Damitz 0-0: Foul Ball, location: 2F
0-1: Called Strike
0-2: Foul Ball, location: 2F
0-2: Ball
1-2: Ball
2-2: Strikes out looking
Batting: RHB Vitorio Flores 0-0: Ball
1-0: Called Strike
1-1: Called Strike
1-2: Ball
2-2: Ball
3-2: Strikes out looking
Dave Summers is caught stealing 2nd base 2-4
Batter strikes out.
Bottom of the 2nd over - 0 runs, 0 hits, 0 errors, 0 left on base; Mercer Island 2 - Crescent City 0
TOP OF THE 3RD
Mercer Island Screaming Eagles batting - Pitching for Crescent City Krewe : RHP Labeeb bin Muneer
Batting: SHB César Enríques 0-0: Foul Ball, location: 2F
0-1: Ball
1-1: SINGLE (Groundball, P, EV 68.8 MPH) (infield hit)
Batting: LHB Brian Drake 0-0: Ball
1-0: Swinging Strike
1-1: Foul Ball, location: 2F
1-2: Ball
2-2: Foul Ball, location: 2F
2-2: Foul Ball, location: 2F
Balk!
César Enríques to second
2-2: Ball
3-2: Strikes out swinging
Batting: RHB Dima Tabakaev 0-0: Foul Ball, location: 2F
0-1: Foul Ball, location: 2F
0-2: Foul Ball, location: 2F
0-2: Foul Ball, location: 2F
0-2: Ball
1-2: Strikes out looking
Batting: RHB Corey Ollerton 0-0: Swinging Strike
0-1: Ground out 5-3 (Groundball, 56S, EV 63.8 MPH)
Top of the 3rd over - 0 runs, 1 hit, 0 errors, 1 left on base; Mercer Island 2 - Crescent City 0
BOTTOM OF THE 3RD
Crescent City Krewe batting - Pitching for Mercer Island Screaming Eagles : RHP Dawson Randolph
Batting: RHB John Birges 0-0: Ground out 1-3 (Groundball, P, EV 89.4 MPH)
Batting: RHB Norbert Schalk 0-0: Ball
1-0: Reached on error, E5 (Groundball, 56S, EV 66.9 MPH)
Batting: LHB Reggie Gommers 0-0: Ball
Norbert Schalk is caught stealing 2nd base 2-6
1-0: Swinging Strike
1-1: Swinging Strike
1-2: Foul Ball, location: 2F
1-2: Ball
2-2: Fly out, F8 (Flyball, 8LM, EV 81.9 MPH)
Bottom of the 3rd over - 0 runs, 0 hits, 1 error, 0 left on base; Mercer Island 2 - Crescent City 0
TOP OF THE 4TH
Mercer Island Screaming Eagles batting - Pitching for Crescent City Krewe : RHP Labeeb bin Muneer
Batting: RHB Byron Ballard 0-0: Ball
1-0: Called Strike
1-1: SINGLE (Groundball, 56D, EV 108.8 MPH)
Batting: LHB Kiambu Fentress 0-0: Ball
1-0: Fly out, F7 (Line Drive, 7, EV 91.2 MPH)
Batting: RHB Hugues Bellot 0-0: Grounds into double play, 5-4-3 (Groundball, 56S, EV 81.9 MPH)
Top of the 4th over - 0 runs, 1 hit, 0 errors, 0 left on base; Mercer Island 2 - Crescent City 0
BOTTOM OF THE 4TH
Crescent City Krewe batting - Pitching for Mercer Island Screaming Eagles : RHP Dawson Randolph
Batting: RHB Arturo Cicerón 0-0: Called Strike
0-1: Fly out, F8 (Flyball, 8RD, EV 95.0 MPH)
Batting: LHB José Soriano 0-0: Ball
1-0: Foul Ball, location: 2F
1-1: Foul Ball, location: 2F
1-2: Ball
2-2: Ball
3-2: Fly out, F9 (Flyball, 89S, EV 90.0 MPH)
Batting: RHB Rod Sarkies 0-0: Called Strike
0-1: Ball
1-1: Fly out, F8 (Line Drive, 8LM, EV 95.0 MPH)
Bottom of the 4th over - 0 runs, 0 hits, 0 errors, 0 left on base; Mercer Island 2 - Crescent City 0
TOP OF THE 5TH
Mercer Island Screaming Eagles batting - Pitching for Crescent City Krewe : RHP Labeeb bin Muneer
Batting: RHB Domingo Reyes 0-0: Called Strike
0-1: Ball
1-1: Fly out, F7 (Flyball, 78XD, EV 93.8 MPH)
Batting: RHB Dídac Nores 0-0: Foul Ball, location: 2F
0-1: Ball
1-1: DOUBLE (Line Drive, 8LXD, EV 97.5 MPH)
Batting: SHB César Enríques 0-0: Ball
1-0: Ball
2-0: Called Strike
2-1: Foul Ball, location: 2F
2-2: Ground out 6-3 (Groundball, 6, EV 106.2 MPH)
Batting: LHB Brian Drake 0-0: 2-RUN HOME RUN (Flyball, 89XD, EV 99.4 MPH), Distance : 419 ft
Batting: RHB Dima Tabakaev 0-0: Ball
1-0: Called Strike
1-1: Ball
2-1: Foul Ball, location: 2F
2-2: Ball
3-2: Strikes out looking
Top of the 5th over - 2 runs, 2 hits, 0 errors, 0 left on base; Mercer Island 4 - Crescent City 0
BOTTOM OF THE 5TH
Crescent City Krewe batting - Pitching for Mercer Island Screaming Eagles : RHP Dawson Randolph
Batting: LHB Dave Summers 0-0: SINGLE (Flyball, 9LS, EV 94.4 MPH)
Batting: LHB Dustin Damitz 0-0: Ball
1-0: Called Strike
1-1: Foul Ball, location: 2F
1-2: Ball
2-2: Foul Ball, location: 2F
2-2: Foul Ball, location: 2F
2-2: Strikes out looking
Batting: RHB Vitorio Flores 0-0: Ball
Dave Summers is caught stealing 2nd base 2-4
1-0: Called Strike
1-1: Swinging Strike
1-2: Fly out, F1 (Line Drive, P, EV 73.1 MPH)
Bottom of the 5th over - 0 runs, 1 hit, 0 errors, 0 left on base; Mercer Island 4 - Crescent City 0
TOP OF THE 6TH
Mercer Island Screaming Eagles batting - Pitching for Crescent City Krewe : RHP Labeeb bin Muneer
Batting: RHB Corey Ollerton 0-0: Called Strike
0-1: Ball
1-1: DOUBLE (Line Drive, 89D, EV 113.1 MPH)
Batting: RHB Byron Ballard 0-0: Ball
1-0: Ball
2-0: Called Strike
2-1: Ball
3-1: Fly out, F8 (Flyball, 8RD, EV 95.0 MPH)
Batting: LHB Kiambu Fentress 0-0: Fly out, F8 (Flyball, 8RS, EV 82.5 MPH)
Batting: RHB Hugues Bellot 0-0: Ball
1-0: Ball
2-0: Called Strike
2-1: Foul Ball, location: 2F
2-2: Ball
3-2: Foul Ball, location: 2F
3-2: Fly out, F8 (Line Drive, 8RM, EV 86.2 MPH)
Top of the 6th over - 0 runs, 1 hit, 0 errors, 1 left on base; Mercer Island 4 - Crescent City 0
BOTTOM OF THE 6TH
Crescent City Krewe batting - Pitching for Mercer Island Screaming Eagles : RHP Dawson Randolph
Batting: RHB John Birges 0-0: Ball
1-0: Called Strike
1-1: Fly out, F9 (Flyball, 9, EV 81.2 MPH)
Batting: RHB Norbert Schalk 0-0: Ground out 5-3 (Groundball, 56, EV 86.2 MPH)
Batting: LHB Reggie Gommers 0-0: Foul Ball, location: 2F
0-1: Fly out, F7 (Flyball, 7D, EV 105.0 MPH)
Bottom of the 6th over - 0 runs, 0 hits, 0 errors, 0 left on base; Mercer Island 4 - Crescent City 0
TOP OF THE 7TH
Mercer Island Screaming Eagles batting - Pitching for Crescent City Krewe : RHP Labeeb bin Muneer
Batting: RHB Domingo Reyes 0-0: Ball
1-0: Called Strike
1-1: Ball
2-1: Foul Ball, location: 2F
2-2: Ball
3-2: SINGLE (Line Drive, 6MD, EV 93.8 MPH)
Pitching: LHP Melvin Martínez
Batting: RHB Dídac Nores 0-0: Sac Bunt to 13S - play at first, batter safe!
Domingo Reyes to second
Batting: SHB César Enríques 0-0: Ball
1-0: Ball
2-0: Ball
3-0: Base on Balls
Domingo Reyes to third
Dídac Nores to second
Batting: LHB Brian Drake 0-0: Swinging Strike
0-1: Foul Ball, location: 2F
0-2: Ball
1-2: Strikes out swinging
Batting: RHB Dima Tabakaev 0-0: Ball
1-0: Grounds into double play, 6-4-3 (Groundball, 6, EV 80.6 MPH)
Top of the 7th over - 0 runs, 2 hits, 0 errors, 2 left on base; Mercer Island 4 - Crescent City 0
BOTTOM OF THE 7TH
Crescent City Krewe batting - Pitching for Mercer Island Screaming Eagles : RHP Dawson Randolph
Batting: RHB Arturo Cicerón 0-0: DOUBLE (Flyball, 78D, EV 108.1 MPH)
Batting: LHB José Soriano 0-0: Foul Ball, location: 2F
0-1: Ball
1-1: Called Strike
1-2: Ball
2-2: SINGLE (Line Drive, 7LM, EV 103.1 MPH)
Arturo Cicerón to third
Batting: RHB Rod Sarkies 0-0: Ball
1-0: Grounds into double play, 6-4-3 (Groundball, 6, EV 99.4 MPH)
Arturo Cicerón scores
Batting: LHB Dave Summers 0-0: Ball
1-0: Foul Ball, location: 2F
1-1: Ball
2-1: Ball
3-1: Foul Ball, location: 2F
3-2: Foul Ball, location: 2F
3-2: Foul Ball, location: 2F
3-2: SINGLE (Line Drive, 7LS, EV 92.5 MPH)
Batting: LHB Dustin Damitz 0-0: Fly out, F9 (Flyball, 9, EV 68.1 MPH)
Bottom of the 7th over - 1 run, 3 hits, 0 errors, 1 left on base; Mercer Island 4 - Crescent City 1
TOP OF THE 8TH
Mercer Island Screaming Eagles batting - Pitching for Crescent City Krewe : LHP Melvin Martínez
Batting: RHB Corey Ollerton 0-0: Ball
1-0: Foul Ball, location: 2F
1-1: Ground out 5-3 (Groundball, 5, EV 86.2 MPH)
Batting: RHB Byron Ballard 0-0: Ball
1-0: Foul Ball, location: 2F
1-1: SINGLE (Flyball, 56D, EV 86.9 MPH)
Batting: LHB Kiambu Fentress 0-0: Ball
1-0: Ball
2-0: Ball
3-0: Called Strike
3-1: Swinging Strike
3-2: SINGLE (Groundball, 56D, EV 96.9 MPH)
Byron Ballard to second
Batting: RHB Hugues Bellot 0-0: Foul Ball, location: 2F
0-1: Ball
1-1: Swinging Strike
1-2: Strikes out swinging
Batting: RHB Domingo Reyes 0-0: Ball
1-0: Swinging Strike
1-1: Called Strike
1-2: Ball
2-2: Foul Ball, location: 2F
2-2: Ball
3-2: Base on Balls
Byron Ballard to third
Kiambu Fentress to second
Batting: RHB Dídac Nores 0-0: Ball
1-0: Ball
2-0: Swinging Strike
2-1: Foul Ball, location: 2F
2-2: Ball
3-2: Strikes out swinging
Top of the 8th over - 0 runs, 2 hits, 0 errors, 3 left on base; Mercer Island 4 - Crescent City 1
BOTTOM OF THE 8TH
Crescent City Krewe batting - Pitching for Mercer Island Screaming Eagles : RHP Dawson Randolph
Batting: RHB Vitorio Flores 0-0: Ball
1-0: Called Strike
1-1: Swinging Strike
1-2: Fly out, F3 (Popup, 3S, EV 65.0 MPH)
Batting: RHB John Birges 0-0: Foul Ball, location: 2F
0-1: Ground out 1-3 (Groundball, 34S, EV 83.1 MPH)
Batting: RHB Norbert Schalk 0-0: Foul Ball, location: 2F
0-1: Swinging Strike
0-2: Fly out, F9 (Line Drive, 9, EV 93.1 MPH)
Bottom of the 8th over - 0 runs, 0 hits, 0 errors, 0 left on base; Mercer Island 4 - Crescent City 1
TOP OF THE 9TH
Mercer Island Screaming Eagles batting - Pitching for Crescent City Krewe : LHP Melvin Martínez
Batting: SHB César Enríques 0-0: Ball
1-0: Ball
2-0: Called Strike
2-1: Called Strike
2-2: Foul Ball, location: 2F
2-2: SINGLE (Groundball, 4D, EV 105.6 MPH)
Pitching: RHP Jesús García
Batting: LHB Brian Drake 0-0: Fly out, F9 (Flyball, 9S, EV 91.9 MPH)
Batting: RHB Dima Tabakaev 0-0: Ball
1-0: Called Strike
1-1: Fly out, F9 (Flyball, 9LS, EV 82.5 MPH)
Batting: RHB Corey Ollerton 0-0: Swinging Strike
0-1: Foul Ball, location: 2F
0-2: Ball
1-2: Ball
2-2: Ball
3-2: Fly out, F9 (Flyball, 89S, EV 84.4 MPH)
Top of the 9th over - 0 runs, 1 hit, 0 errors, 1 left on base; Mercer Island 4 - Crescent City 1
BOTTOM OF THE 9TH
Crescent City Krewe batting - Pitching for Mercer Island Screaming Eagles : RHP Dawson Randolph
Batting: LHB Reggie Gommers 0-0: Ball
1-0: Ball
2-0: Ball
3-0: Called Strike
3-1: Called Strike
3-2: Base on Balls
Pitching: RHP Ryan Fry
Batting: RHB Arturo Cicerón 0-0: Called Strike
0-1: Ball
1-1: SINGLE (Line Drive, 4MD, EV 101.2 MPH)
Reggie Gommers to second
Batting: LHB José Soriano 0-0: Ball
1-0: Fly out, F8 (Flyball, 8RD, EV 91.2 MPH)
Batting: RHB Rod Sarkies 0-0: Ball
1-0: Foul Ball, location: 2F
1-1: Ball
2-1: Foul Ball, location: 2F
2-2: Ball
3-2: SINGLE (Groundball, 34D, EV 96.9 MPH)
Reggie Gommers to third
Arturo Cicerón to second
Batting: LHB Dave Summers 0-0: Foul Ball, location: 2F
0-1: Foul Ball, location: 2F
0-2: Ball
1-2: Ball
2-2: Foul Ball, location: 2F
2-2: Strikes out looking
Batting: LHB Dustin Damitz 0-0: Foul Ball, location: 2F
0-1: Ground out 6-3 (Groundball, 6MS, EV 68.1 MPH)
Bottom of the 9th over - 0 runs, 2 hits, 0 errors, 3 left on base; Mercer Island 4 - Crescent City 1
Tuesday, January 5th, 2021 - OOTP Baseball 20.8 Build 74